 Seeded DCSS version 0.30-a0-860-g512cf1e979 (webtiles) character file.

Game seed: 20230301 (custom seed)

555 a11behringer the Cudgeller (level 7, -5/68 HPs)
             Began as a Troll Berserker on Mar 7, 2023.
             Was a Believer of Trog.
             Slain by a gnoll
             ... wielding a +0 flail
             ... led by a gnoll sergeant
              (11 damage)
             ... on level 5 of the Dungeon.
             The game lasted 00:08:32 (3608 turns).

a11behringer the Cudgeller (Troll Berserker)        Turns: 3608, Time: 00:08:33

Health: -5/68      AC:  4    Str: 28    XL:     7   Next: 8%
Magic:  6/6        EV: 10    Int:  3    God:    Trog [**....]
Gold:   254        SH:  0    Dex:  9    Spells: 6/6 levels left

rFire   . . .      SeeInvis .    o - +0 giant club
rCold   + . .      Faith    .    (shield currently unavailable)
rNeg    . . .      Spirit   .    b - +0 animal skin
rPois   .          Reflect  .    (helmet restricted)
rElec   .          Rampage  .    (no cloak)
rCorr   .                        (gloves unavailable)
Will    +....                    (boots unavailable)
Stlth   +                        k - amulet of the acrobat
HPRegen 1.11/turn                y - ring of willpower
MPRegen 0.10/turn                m - ring of protection from cold

@: on berserk cooldown, slowed, very slow
A: large, unfitting armour, claws 3, regeneration 1, shaggy fur 1, tough skin 1
a: Renounce Religion, Berserk, Trog's Hand


You were on level 5 of the Dungeon.
You worshipped Trog.
Trog was pleased with you.
You visited 1 branch of the dungeon, and saw 5 of its levels.

You collected 254 gold pieces.

Inventory:

Hand Weapons
 a - a +0 mace
 h - a +0 flail
 o - a +0 giant club (weapon)
 t - a +1 mace of holy wrath
Armour
 b - a +0 animal skin (worn)
Jewellery
 c - a ring of magical power
 k - an amulet of the acrobat (around neck)
 m - a ring of protection from cold (right claw)
 x - an amulet of faith
 y - a ring of willpower (left claw)
Scrolls
 e - 5 scrolls of identify {unknown}
 f - 2 scrolls of magic mapping {unknown}
 j - a scroll of fog {unknown}
 l - a scroll of enchant weapon {unknown}
 n - 3 scrolls of teleportation {unknown}
 q - a scroll of immolation {unknown}
 w - a scroll of acquirement {unknown}
 z - a scroll of poison {unknown}
Potions
 d - a potion of degeneration {unknown}
 g - a potion of attraction {unknown}
 i - 3 potions of heal wounds {unknown}
 p - a potion of berserk rage {unknown}
 r - a potion of lignification {unknown}
 s - a potion of brilliance {unknown}
 u - a potion of might {unknown}
 v - a potion of resistance {unknown}


   Skills:
 + Level 3.9 Fighting
 * Level 5.6 Maces & Flails
 + Level 3.9 Dodging


You had 6 spell levels left.
You didn't know any spells.
Your spell library was empty.

Dungeon Overview and Level Annotations

Branches:
Dungeon (5/15)
 Temple: D:4-7

Altars:
Elyvilon
Hepliaklqana
Makhleb
Qazlal
Uskayaw
Vehumet
Wu Jian


Innate Abilities, Weirdness & Mutations

You are too large for most types of armour.
You have claws for hands.
Your natural rate of healing is unusually fast.
You are covered in fur. (AC +1)
You have tough skin. (AC +1)


Message History

You hit the gnoll sergeant but do no damage.
The gnoll sergeant is heavily wounded.
The phantom closely misses you.
The gnoll sergeant hits you with a +2 spear of freezing!
* * * LOW HITPOINT WARNING * * *
The orc closely misses you. The orc barely misses you.
The gnoll sergeant closely misses you. The phantom barely misses you.
You bludgeon the gnoll sergeant!!
You kill the gnoll sergeant!
Trog accepts your kill.
The phantom hits you but does no damage.
The orc closely misses you.
The orc hits you from afar with a +0 trident.
* * * LOW HITPOINT WARNING * * *
The phantom hits you but does no damage.
You have reached level 7!
The orc misses you. The orc barely misses you. The phantom hits you.
* * * LOW HITPOINT WARNING * * *
Items here: ) [[ †.
You thump the orc!
You kill the orc!
Trog accepts your kill. The phantom barely misses you.
A worm comes into view.
You barely miss the gnoll. The gnoll barely misses you. The phantom hits you.
* * * LOW HITPOINT WARNING * * *
A gnoll comes into view. It is wielding a +0 flail.
The phantom barely misses you. The gnoll hits you with a +0 club.
* * * LOW HITPOINT WARNING * * *
You closely miss the gnoll. The gnoll hits you with a +0 club.
* * * LOW HITPOINT WARNING * * *
The phantom barely misses you. The gnoll barely misses you.
The phantom closely misses you. The gnoll closely misses you.
The phantom barely misses you.
You bludgeon the gnoll!!
You kill the gnoll!
Trog accepts your kill.
The phantom hits you but does no damage.
The gnoll hits you with a +0 flail!
You die...

#.#####
############.#..##
#....).......#..#.
#.############..#.
##.### #..#.
#....# #####..#.
#....# #........
#.W..# #.###..#.
##@### #.#....#.
#g# #......#. #w#
######....#.


.gg ........<.... ##.## ############# #.. ..) ### You could see a phantom, a
worm and 3 gnolls.

Vanquished Creatures
  A black bear (D:5)
  An ogre (D:3)
  A gnoll sergeant (D:5)
  A hound (D:5)
  An orc priest (D:3)
  A sleepcap (D:3)
  An iguana (D:5)
  2 orc wizards
  A gnoll (D:5)
  7 adders
  2 worms
  A dart slug (D:1)
  11 orcs
  5 ball pythons
  5 bats
  5 endoplasms
  4 giant cockroaches
  6 goblins
  8 hobgoblins
  6 jackals
  4 kobolds
  3 quokkas
  2 frilled lizards
  6 rats
85 creatures vanquished.

Notes
Turn   | Place    | Note
-------+----------+-------------------------------------------
     0 | D:1      | a11behringer the Troll Berserker began the quest for the
                  | Orb.
     0 | D:1      | Reached XP level 1. HP: 22/22 MP: 0/0
   232 | D:1      | Reached skill level 3 in Maces & Flails
   232 | D:1      | Reached XP level 2. HP: 29/29 MP: 1/1
   642 | D:1      | Reached XP level 3. HP: 28/36 MP: 2/2
  1113 | D:2      | Found a white marble altar of Elyvilon.
  1273 | D:2      | Found a faded altar of an unknown god.
  1334 | D:2      | Reached ** piety under Trog
  1833 | D:3      | Reached XP level 4. HP: 44/44 MP: 3/3
  1941 | D:3      | Noticed an ogre
  1947 | D:3      | Killed an ogre
  1948 | D:3      | Reached skill level 4 in Maces & Flails
  1948 | D:3      | Reached XP level 5. HP: 53/53 MP: 4/4
  2558 | D:3      | Reached XP level 6. HP: 55/61 MP: 5/5
  2572 | D:3      | Found an ornate altar of the Wu Jian Council.
  2774 | D:4      | Found a burning altar of Makhleb.
  2776 | D:4      | Found a radiant altar of Vehumet.
  2776 | D:4      | Found a hazy altar of Hepliaklqana.
  2777 | D:4      | Found a stormy altar of Qazlal.
  2952 | D:4      | Noticed a +0 dagger
  2953 | D:4      | Noticed a +0 falchion
  2953 | D:4      | Noticed a +0 spear
  2953 | D:4      | Noticed a +0 short sword
  2954 | D:4      | Noticed a +0 spear
  2963 | D:4      | Found a hide-covered altar of Uskayaw.
  2964 | D:4      | Noticed a +0 dagger
  2966 | D:4      | Noticed a +0 falchion
  2967 | D:4      | Noticed a +0 short sword
  3419 | D:5      | Entered Level 5 of the Dungeon
  3460 | D:5      | Reached skill level 5 in Maces & Flails
  3604 | D:5      | Reached XP level 7. HP: 12/68 MP: 6/6
  3608 | D:5      | Slain by a gnoll

Illustrated notes

Levels and vault maps discovered:
D:1:      dpeg_arrival_three_same_balls, layout_basic
D:2:      layout_basic, hellmonk_ecumenical_altar_zigzags, basic_altar,
          chequers_hall_statues_wall_a, minmay_misc_feat_cross
D:3:      layout_loops_cross, nicolae_wu_jian_immortal_techniques,
          minmay_fractal_squares_gapless_5
D:4:      layout_basic, nicolae_uskayaw_en_pointe, grunt_temple_overflow_open
D:5:      layout_basic, lemuel_round_altar, serial_shops, nicolae_shop_trees,
          chequers_serial_rivers_micro_e

Skill      XL: |  1  2  3  4  5  6 |
---------------+-------------------+-----
Maces & Flails | 3 4 5 |  5.6
Fighting       | 3 |  3.9
Dodging        | 3 |  3.9

Action                     |  1- 3 |  4- 6 |  7- 9 || total
---------------------------+-------+-------+-------++-------
  Melee: Mace              |    83 |       |       ||    83
         Flail             |    29 |    35 |       ||    64
         Punch             |     1 |       |       ||     1
         Giant club        |       |   172 |     4 ||   176
 Invoke: Berserk           |     1 |     3 |       ||     4
         Trog's Hand       |       |     1 |       ||     1
   Stab: Sleeping          |       |     1 |       ||     1
 Armour: Animal skin       |    55 |    96 |     1 ||   152
  Dodge: Dodged            |    97 |   135 |    10 ||   242

Table legend: (Time is in decaauts)
 A = Elapsed time spent in this place.
 B = Non-inter-level travel time spent in this place.
 C = Inter-level travel time spent in this place.
 D = Time resting spent in this place.
 E = Time spent auto-exploring this place.
 F = Levels seen in this place.
 G = Mean time per level.
                   A        B        C        D        E       F      G
               +--------+--------+--------+--------+--------+-----+--------+
         Total |   3722 |   3514 |    208 |      0 |   2794 |   5 |  744.4 |
       Dungeon |   3722 |   3514 |    208 |      0 |   2794 |   5 |  744.4 |
               +--------+--------+--------+--------+--------+-----+--------+

Top non-repeatable levels by time:
     D:3: 924 daAuts
     D:1: 923 daAuts
     D:2: 922 daAuts
     D:4: 734 daAuts
     D:5: 218 daAuts
